 Dungeon Crawl Stone Soup version 0.31.0-12-g77e489cdc1 (webtiles) character file.

Game seed: 6464275201350034036

2 dirge the Sneak (level 1, 0/9 HPs)
             Began as a Spriggan Enchanter on Mar 2, 2024.
             Slain by an endoplasm (2 damage)
             ... on level 1 of the Dungeon.
             The game lasted 00:00:29 (65 turns).

dirge the Sneak (Spriggan Enchanter)                  Turns: 65, Time: 00:00:29

Health: 0/9        AC:  2    Str:  4    XL:     1   Next: 25%
Magic:  5/5        EV: 17    Int: 16    God:
Gold:   0          SH:  0    Dex: 15    Spells: 5/5 levels left

rFire   . . .        a - +1 dagger
rCold   . . .        f - orb {guile}
rNeg    . . .        b - +0 robe
rPois   .            (helmet restricted)
rElec   .            (no cloak)
rCorr   .            (gloves unavailable)
SInv    +            (boots unavailable)
Will    .....        (no amulet)
Stlth   +++          (no ring)
HPRegen 0.21/turn    (no ring)
MPRegen 0.09/turn

%: no passive effects
@: very quick
A: very small, no large weapons, unfitting armour, see invisible, speed 3
a: no special abilities


You were on level 1 of the Dungeon.
You visited 1 branch of the dungeon, and saw 1 of its levels.

Inventory:

Hand Weapons
 a - a +1 dagger (weapon)
Armour
 b - a +0 robe (worn)
 f - an orb of guile (worn)
Scrolls
 d - a scroll of identify {unknown}
 g - a scroll of enchant armour {unknown}
Potions
 c - 2 potions of invisibility
 e - a potion of curing {unknown}


   Skills:
 * Level 1.2 Short Blades
 + Level 2.7 Dodging
 + Level 4.4 Stealth
 + Level 2.7 Spellcasting
 + Level 3.6 Hexes


You had 5 spell levels left.
You didn't know any spells.
Your spell library contained the following spells:

 Spells                   Type           Power      Damage    Failure   Level
 Confusing Touch          Hex            13%        N/A       13%         3
 Tukima's Dance           Hex            13%        N/A       13%         3
 Ensorcelled Hibernation  Hex/Ice        16%        N/A       14%         2
 Dazzling Flash           Conj/Hex       16%        N/A       26%         3


Dungeon Overview and Level Annotations

Branches:
Dungeon (1/15)

Altars:


Innate Abilities, Weirdness & Mutations

You are very small and have problems with some larger weapons.
You are too small for most types of armour.
You have supernaturally acute eyesight. (SInv)
You cover ground extremely quickly. (Speed+++)


Message History

Found a robe.
You don't know any spells.
Sorry, you're not good enough to have a special ability.
You closely miss the goblin.
A ball python comes into view.
The goblin hits you with a +0 dagger.
The ball python hisses angrily.
You hit the goblin.
The goblin is severely wounded.
The goblin hits you but does no damage.
You hit the goblin.
You kill the goblin!
You see here a +0 dagger.
You closely miss the ball python. The ball python closely misses you.
The ball python completely misses you.
You hit the ball python. You punch the ball python.
You kill the ball python!
You see here an orb of guile.
f - an orb of guile You start putting on your armour.
You continue putting on your orb of guile. x4
You finish putting on your orb of guile.
You see here a +0 dagger.
Found a scratched sapphire ring.
An endoplasm comes into view.
You see here a scroll labelled TORAOGUROH.
The endoplasm quivers.
You hit the endoplasm but do no damage. The endoplasm freezes you.
You are frozen.
You hit the endoplasm.
The endoplasm is moderately wounded.
The endoplasm freezes you.
You are frozen.
Ouch! That really hurt!
* * * LOW HITPOINT WARNING * * *
You see here a scroll labelled TORAOGUROH.
g - a scroll labelled TORAOGUROH The endoplasm hits you.
You die...

.. ...... ##..#.
#.#..###########
...#..#.#.............
...........###≈≈≈≈≈≈≈
.....#....#≈≈≈≈≈≈≈≈≈
.####).#.#≈≈≈≈≈.≈≈≈
#.#....#.#≈≈....~≈≈
###=##..##.#≈≈...≈≈~≈
#..8@.#.##.#≈........
....##J###[...#≈≈...<...
. #.# #....#≈≈.......
##. ##.#####....... ..
..........### #..
#########.... #.# #####
.. ##


You could see an endoplasm.

Vanquished Creatures
  A goblin (D:1)
  A ball python (D:1)
2 creatures vanquished.

Notes
Turn   | Place    | Note
-------+----------+-------------------------------------------
     0 | D:1      | dirge the Spriggan Enchanter began the quest for the Orb.
     0 | D:1      | Reached XP level 1. HP: 9/9 MP: 5/5
    65 | D:1      | Slain by an endoplasm

Illustrated notes

Levels and vault maps discovered:
D:1:      dpeg_arrival_pond, layout_basic, minmay_octomino_j4

Action                     || total
---------------------------++-------
  Melee: Dagger            ||     7
         Punch             ||     1
 Armour: Robe              ||     3
  Dodge: Dodged            ||     2
